 Dungeon Crawl Stone Soup version 0.19.5 (console) character file.

1836 Grinner the Cudgeler (level 8, -1/68 HPs)
             Began as a Minotaur Transmuter on Mar 15, 2017.
             Was a Follower of Okawaru.
             Slain by StoopidFlanders's ghost (5 damage)
             ... on level 7 of the Dungeon.
             The game lasted 00:20:31 (6697 turns).

Grinner the Cudgeler (Minotaur Transmuter)          Turns: 6697, Time: 00:20:32

Health: -1/68      AC:  3    Str: 16    XL:     8   Next: 87%
Magic:  9/9        EV: 13    Int: 10    God:    Okawaru [*.....]
Gold:   232        SH:  0    Dex: 15    Spells: 1 memorised, 8 levels left

rFire  . . .     SeeInvis .     p - +7 whip {distort, rN+ Dex+3}
rCold  . . .     Gourm    .     b - +0 robe
rNeg   + . .     Faith    .     (no shield)
rPois  .         Spirit   .     j - +0 hat
rElec  .         Reflect  .     w - +0 cloak
rCorr  +         Harm     .     (no gloves)
MR     .....                    (no boots)
Stlth  +.........               h - amulet of magic regeneration
                                (no ring)
                                e - ring of resist corrosion

@: no status effects
A: retaliatory headbutt, horns 2
a: Heroism, Renounce Religion


You were on level 7 of the Dungeon.
You worshipped Okawaru.
Okawaru was aware of your devotion.
You were very hungry.

You visited 2 branches of the dungeon, and saw 8 of its levels.

You collected 353 gold pieces.
You spent 121 gold pieces at shops.

Inventory:

Hand Weapons
 p - the +7 whip of Disembowelment (weapon) {distort, rN+ Dex+3}
   (You found it on level 5 of the Dungeon)

   It warps and distorts space around it.
   Unwielding it can cause banishment or high damage.
   It affects your dexterity (+3).
   It protects you from negative energy.
 r - the +7 rapier of the End {flame, +Rage}
   (You found it on level 5 of the Dungeon)

   It has been specially enchanted to burn those struck by it, causing extra
   injury to most foes and up to half again as much damage against particularly
   susceptible opponents.
   It lets you go berserk.
 v - a +3 dire flail of protection
 y - a +2 quarterstaff of protection
Missiles
 a - 104 arrows
Armour
 b - a +0 robe (worn)
 j - a +0 hat (worn)
 w - a +0 cloak (worn)
Jewellery
 e - a ring of resist corrosion (left hand)
 h - an amulet of magic regeneration (around neck)
 A - an uncursed amulet of rage
Wands
 k - a wand of acid (2/15)
 t - a wand of random effects (12/48)
Scrolls
 f - a scroll of teleportation
 q - a scroll of enchant weapon
 x - a scroll of amnesia
Potions
 s - a potion of magic
 u - a potion of lignification
 z - a potion of brilliance
Books
 c - a book of Changes

   Spells                             Type                      Level
   a - Beastly Appendage              Transmutation                1
   b - Sticks to Snakes               Transmutation                2
   c - Spider Form                    Transmutation/Poison         3
   d - Ice Form                       Ice/Transmutation            4
   e - Blade Hands                    Transmutation                5
 o - a book of Misfortune

   Spells                             Type                      Level
   a - Confusing Touch                Hexes                        1
   b - Confuse                        Hexes                        3
   c - Gell's Gravitas                Hexes/Translocation          3
   d - Petrify                        Transmutation/Earth          4
   e - Metabolic Englaciation         Hexes/Ice                    5
   f - Yara's Violent Unravelling     Hexes/Transmutation          5
Comestibles
 d - 4 bread rations
 g - a slice of pizza
 m - 2 beef jerkies
 n - 4 fruits


   Skills:
 - Level 5.3 Fighting
 * Level 4.5 Short Blades
 - Level 7.0 Maces & Flails
 - Level 2.1 Dodging
 - Level 3.2 Unarmed Combat
 - Level 1.3 Spellcasting
 + Level 5.7 Transmutations
 + Level 3.2 Invocations


You had 8 spell levels left.
You knew the following spells:

 Your Spells              Type           Power        Failure   Level  Hunger
z - Beastly Appendage     Tmut           ##....       3%          1    ##.....


Dungeon Overview and Level Annotations

Branches:
Dungeon (7/15)             Temple (1/1) D:5

Altars:
Ashenzari
Cheibriados
Dithmenos
Elyvilon
Fedhas
Gozag
Hepliaklqana
Kikubaaqudgha
Makhleb
Nemelex Xobeh
Okawaru
Qazlal
Ru
Sif Muna
Trog
Uskayaw
Vehumet
Xom
Yredelemnul
Zin
The Shining One

Shops:
D:5 [   D:6 %

Annotations:
D:7 StoopidFlanders's ghost, novice HEWz


Innate Abilities, Weirdness & Mutations

You reflexively headbutt those who attack you in melee.
You have a pair of horns on your head.


Message History

Okawaru accepts your kill.
StoopidFlanders's ghost ducks and says, "Too high!"
StoopidFlanders's ghost barely misses you.
You furiously retaliate!
You headbutt StoopidFlanders's ghost, but do no damage.
StoopidFlanders's ghost hits you.
* * * LOW HITPOINT WARNING * * *
StoopidFlanders's ghost burns you.
* * * LOW HITPOINT WARNING * * *
You see here a giant spiked club.
You feel sick.
StoopidFlanders's ghost hits you but does no damage. x2
You are feeling very hungry.
You feel sick.
StoopidFlanders's ghost hits you but does no damage.
You feel yourself speed up.
You feel sick.
You are no longer poisoned.
StoopidFlanders's ghost hits you.
You die...

#.......# #........[.
#.......# ####.......... .
#.......# #............. ..
.......#####....#<##..... ...
%...$..........#........
....####.)...........#........
##.....).)...........#....####
.$.......)...........#........
..............W@[......#......
........†..............#......
........####........######....
........# ########## ####
........# ........# ........#
..#######


You could see StoopidFlanders's ghost.

Vanquished Creatures
  The ghost of FelipeSwartz the Abyss-Baptised, a novice DsAK of Lugonu (D:5)
  Sigmund (D:2)
  Edmund (D:5)
  A phantom (D:4)
  2 ogres
  A black bear (D:6)
  Blork the orc (D:5)
  A scorpion (D:5)
  4 crimson imps
  A bullfrog zombie (D:5)
  3 hounds
  2 orc priests (D:4)
  An orc wizard (D:7)
  Terence (D:3)
  6 worker ants
  11 adders
  2 shadow imps (D:6)
  2 oozes (D:2)
  2 worms
  6 dart slugs
  7 leopard geckos
  15 orcs
  7 bats
  5 giant cockroaches
  7 hobgoblins
  2 quokkas
  2 ball pythons
  5 frilled lizards
  7 goblins
  9 kobolds
  5 rats
121 creatures vanquished.

Vanquished Creatures (collateral kills)
  A frilled lizard (D:5)
1 creature vanquished.

Vanquished Creatures (others)
  A sky beast (D:6)
1 creature vanquished.

Grand Total: 123 creatures vanquished

Notes
Turn   | Place    | Note
-------+----------+-------------------------------------------
     0 | D:1      | Grinner the Minotaur Transmuter began the quest for the Orb.
     0 | D:1      | Reached XP level 1. HP: 16/16 MP: 1/1
   204 | D:1      | Reached XP level 2. HP: 21/24 MP: 3/3
   898 | D:1      | Reached XP level 3. HP: 20/30 MP: 4/4
  1270 | D:2      | Noticed Sigmund
  1599 | D:2      | Killed Sigmund
  1599 | D:2      | Reached XP level 4. HP: 7/41 MP: 5/5
  1599 | D:2      | Reached XP level 5. HP: 8/47 MP: 6/6
  1979 | D:2      | Reached skill level 5 in Fighting
  2156 | D:2      | Reached XP level 6. HP: 35/56 MP: 7/7
  2298 | D:3      | Noticed Terence
  2319 | D:3      | Killed Terence
  2515 | D:3      | Reached skill level 1 in Maces & Flails
  2834 | D:3      | Reached skill level 2 in Maces & Flails
  3530 | D:4      | Reached skill level 3 in Maces & Flails
  3703 | D:4      | Reached XP level 7. HP: 23/61 MP: 8/8
  3962 | D:4      | Reached skill level 4 in Maces & Flails
  4623 | D:5      | Entered Level 5 of the Dungeon
  4623 | D:5      | Found an iron altar of Okawaru.
  4629 | D:5      | Reached skill level 5 in Maces & Flails
  4777 | D:5      | Found a staircase to the Ecumenical Temple.
  4792 | Temple   | Entered the Ecumenical Temple
  4884 | Temple   | Became a worshipper of Warmaster Okawaru
  4898 | D:5      | Noticed FelipeSwartz's ghost (novice DsAK)
  5026 | D:5      | Killed FelipeSwartz's ghost
  5026 | D:5      | Reached skill level 6 in Maces & Flails
  5026 | D:5      | Reached XP level 8. HP: 14/68 MP: 9/9
  5292 | D:5      | Got a dazzling whip
  5293 | D:5      | Identified the +7 whip of Disembowelment {distort, rN+ Dex+3} (You found it on level 5 of the Dungeon)
  5345 | D:5      | Noticed Edmund
  5445 | D:5      | Reached skill level 5 in Transmutations
  5662 | D:5      | Noticed Blork the orc
  5671 | D:5      | Killed Blork the orc
  5671 | D:5      | Reached skill level 7 in Maces & Flails
  5671 | D:5      | Reached skill level 1 in Invocations
  5679 | D:5      | Got an ancient rapier
  5680 | D:5      | Identified the +7 rapier of the End {flame, +Rage} (You found it on level 5 of the Dungeon)
  5858 | D:5      | Killed Edmund
  5858 | D:5      | Reached * piety under Okawaru
  5858 | D:5      | Reached skill level 1 in Short Blades
  5941 | D:5      | Found Jocsabb's Antique Armour Shoppe.
  5947 | D:5      | Bought a cloak for 121 gold pieces
  6541 | D:6      | Found Xoeff's Food Shop.
  6684 | D:7      | Noticed StoopidFlanders's ghost (novice HEWz)
  6697 | D:7      | Slain by StoopidFlanders's ghost

Skill      XL: |  1  2  3  4  5  6  7  8 |
---------------+-------------------------+-----
Fighting       | 2 4 5 |  5.3
Transmutations | 2 3 4 5 |  5.7
Maces & Flails | 3 6 7 |  7.0
Invocations    | 3 |  3.2
Short Blades   | 4 |  4.5
Dodging        | |  2.1
Unarmed Combat | |  3.2
Spellcasting   | |  1.3

Action                   |  1- 3 |  4- 6 |  7- 9 || total
-------------------------+-------+-------+-------++-------
Melee: Unarmed           |    79 |    67 |       ||   146
       Headbutt          |     9 |    26 |    23 ||    58
       Punch             |     1 |     1 |     3 ||     5
       Kick              |       |     4 |       ||     4
       Flail             |       |    79 |    38 ||   117
       Whip              |       |       |    83 ||    83
 Cast: Beastly Appendage |     2 |     2 |       ||     4
Evoke: Wand              |       |       |    16 ||    16
  Use: Potion            |     3 |       |     3 ||     6
       Scroll            |       |       |    17 ||    17
 Stab: Sleeping          |     1 |       |     1 ||     2
  Eat: Chunk             |     1 |     2 |     5 ||     8
       Meat ration       |     1 |       |       ||     1
       Bread ration      |       |       |     1 ||     1
Armor: Robe              |    14 |    24 |    11 ||    49
Dodge: Dodged            |    60 |   102 |    75 ||   237
